Map: Corrosion EC

Players

Labyrinth - Winner!

  • Race: Terran Terran
  • Spawn Location: 11:00

HoldTheDoor

  • Race: Protoss Protoss
  • League: Diamond
  • Spawn Location: 5:00

VOD

Have the link to the VOD?

Description

Time

  • Played on: July 14, 2018, 1:34 p.m.
  • Length: 10:15
Show
View Real Time Build Order
Export as new Build Order

Labyrinth Terran - Winner!

Build Orders: Cyclone Opening, Reaper Expand 

Get SALT Encoding   

  12  0:00  SCV  
  13  0:12  SCV  
  14  0:17  Supply Depot  
  14  0:25  SCV  
  14  0:28  Refinery  
  15  0:38  SCV  
  16  0:45  Barracks  
  16  0:54  SCV  
  17  1:06  SCV  
  18  1:18  SCV  
  19  1:32  Reaper, Orbital Command  
  20  1:44  Command Center  
  20  1:54  Factory  
  20  1:59  SCV  
  21  2:06  Barracks Reactor  
  21  2:11  SCV  
  21  2:13  Supply Depot  
  22  2:18  Refinery  
  22  2:23  SCV  
  23  2:35  SCV  
  24  2:43  Marine x2, Cyclone  
  29  2:54  SCV  
  29  2:58  Orbital Command  
  30  3:00  Bunker  
  30  3:01  Marine x2  
  32  3:07  SCV  
  32  3:13  Starport  
  32  3:17  Widow Mine  
  34  3:24  SCV x2  
  34  3:26  Marine  
  37  3:27  Marine  
  38  3:36  Supply Depot, SCV  
  39  3:42  Factory Tech Lab  
  39  3:43  SCV  
  39  3:47  Marine x2  
  39  3:48  SCV  
  43  3:55  SCV  
  44  3:57  Supply Depot  
  44  4:00  SCV  
  45  4:05  Marine x2, Banshee  
  45  4:06  Cloaking Field  
  45  4:07  SCV  
  51  4:10  Widow Mine  
  51  4:13  SCV  
  51  4:16  Refinery  
  54  4:19  SCV  
  54  4:20  Supply Depot  
  55  4:25  Supply Depot  
  55  4:26  SCV, Marine  
  55  4:27  Marine  
  58  4:31  SCV  
  58  4:38  SCV  
  57  4:46  Marine x2  
  57  4:51  Bunker  
  57  4:52  Banshee  
  62  4:54  Widow Mine  
  62  4:55  SCV  
  66  5:00  SCV  
  66  5:04  Marine  
  63  5:08  SCV  
  63  5:11  Marine  
  56  5:20  Bunker  
  54  5:21  Marine  
  54  5:25  Widow Mine  
  57  5:29  Marine  
  57  5:35  Banshee  
  59  5:39  Marine  
  59  5:40  SCV x2  
  61  5:47  Marine  
  61  5:49  Factory Tech Lab  
  62  5:52  SCV x2  
  62  5:53  Barracks  
  62  5:54  Barracks  
  64  5:57  Marine  
  64  6:03  Refinery  
  63  6:04  SCV, Marine  
  63  6:11  SCV  
  65  6:14  Supply Depot x2  
  65  6:15  Marine  
  65  6:16  SCV  
  65  6:18  Banshee  
  69  6:22  Marine  
  65  6:28  SCV  
  65  6:29  SCV  
  65  6:32  Siege Tank  
  67  6:33  Marine  
  68  6:40  Marine  
  68  6:41  SCV x2  
  68  6:42  Engineering Bay  
  68  6:44  Engineering Bay  
  68  6:46  Supply Depot x2  
  71  6:53  SCV x2  
  70  7:18  SCV x2  
  72  7:23  Barracks  
  72  7:25  Barracks, Terran Infantry Armor Level 1, Terran Infantry Weapons Level 1  
  72  7:26  Command Center  
  72  7:30  SCV x2, Marine x2  
  72  7:31  Marauder x2, Stimpack, Combat Shields  
  72  7:33  Factory Reactor  
  72  7:35  Starport Reactor  
  80  7:40  Supply Depot  
  80  7:41  Supply Depot  
  80  7:42  SCV x2  
  82  7:49  Marine x2  
  84  7:52  Marauder x2  
  84  7:54  SCV x2  
  90  8:06  SCV x2  
  90  8:07  Marine  
  93  8:13  Marauder  
  93  8:14  Barracks Tech Lab, Barracks Reactor  
  93  8:15  Widow Mine x2, Medivac x2  
  93  8:17  Marauder, Marine  
  106  8:24  SCV x2  
  106  8:25  Marine  
  106  8:26  Armory  
  109  8:32  Missile Turret  
  109  8:33  Concussive Shells  
  109  8:34  Marine  
  109  8:35  Marauder x2  
  109  8:36  SCV  
  109  8:37  SCV  
  109  8:38  Widow Mine x2  
  121  8:42  Orbital Command  
  121  8:43  Marine  
  121  8:49  SCV x2  
  121  8:52  Marine  
  121  8:53  Marine  
  121  8:54  Marauder, Marine  
  128  8:56  Marauder  
  128  8:57  Marauder  
  128  9:02  Widow Mine x2  
  136  9:04  SCV x2  
  136  9:08  Supply Depot  
  138  9:11  Supply Depot  
  138  9:12  Marine x2  
  138  9:16  SCV  
  141  9:24  Orbital Command  
  141  9:29  Marauder x2, Marine x2, Widow Mine  
  149  9:33  Marauder  
  149  9:34  Supply Depot  
  151  9:45  SCV  
  151  9:46  SCV  
  151  9:51  Supply Depot, Marauder  
  155  9:55  Supply Depot, Marine  
  155  9:58  SCV  
Show
View Real Time Build Order
Export as new Build Order

HoldTheDoor Protoss 

Build Orders:  

Get SALT Encoding   

  12  0:01  Probe  
  13  0:13  Probe  
  14  0:20  Pylon  
  14  0:25  Probe  
  15  0:38  Probe  
  15  0:40  Gateway  
  16  0:47  Assimilator  
  16  0:48  Probe  
  16  0:56  Probe  
  17  0:58  Assimilator  
  18  1:05  Probe  
  19  1:20  Gateway  
  19  1:23  Probe  
  20  1:28  Cybernetics Core  
  20  1:35  Probe  
  21  1:41  Pylon  
  21  1:47  Probe  
  22  1:55  Warp Gate  
  22  1:59  Probe  
  23  2:08  Gateway  
  23  2:11  Stalker  
  23  2:12  Stalker  
  27  2:29  Robotics Facility  
  27  2:32  Probe  
  26  2:52  Probe  
  27  3:04  Probe  
  28  3:10  Stalker  
  30  3:18  Pylon  
  30  3:21  Pylon  
  30  3:27  Immortal  
  34  3:49  Pylon  
  34  3:56  Probe, Immortal  
  35  4:04  Stalker  
  35  4:07  Stalker  
  43  4:15  Stalker  
  37  4:49  Stalker x3  
  44  4:53  Observer  
  42  5:09  Immortal  
  38  5:21  Stalker  
  38  5:23  Zealot  
  38  5:24  Zealot  
  40  5:48  Stalker x3  
  42  6:08  Shield Battery  
  42  6:13  Shield Battery  
  36  6:26  Stalker x2  
  36  6:27  Stalker  
  32  6:49  Pylon  
  32  6:51  Nexus  
  31  6:59  Observer  
  31  7:10  Stalker x3  
  37  7:18  Probe  
  38  7:31  Probe  
  38  7:33  Stalker x2  
  43  7:37  Stalker  
  43  7:50  Probe  
  44  7:59  Stargate  
  44  8:02  Probe  
  45  8:09  Assimilator  
  45  8:11  Probe  
  46  8:14  Probe  
  47  8:24  Forge  
  47  8:26  Observer  
  47  8:27  Observer, Probe  
  47  8:29  Probe  
  50  8:37  Stalker  
  52  8:43  Stalker  
  54  8:55  Stalker  
  55  8:57  Phoenix  
  55  9:01  Probe x2  
  59  9:13  Probe  
  60  9:30  Void Ray  
  64  9:33  Zealot x2  
  68  9:43  Probe  
  68  9:44  Probe  
  70  9:47  Assimilator  
  66  9:56  Probe  
  66  9:57  Zealot  
Tags
 
Add a new tag
Caveats
  • Supply blocks, unpowered buildings, or Contaminate may cause inaccurate times.
  • Supply counts are checked every 10 seconds.